 Dungeon Crawl Stone Soup version 0.32-a0-841-g4648e6c457 (webtiles) character file.

Game seed: 3671720404890400700

129831 Alarak the Peltast (level 17, -1/149 HPs)
             Began as a Formicid Fighter on Mar 27, 2024.
             Was an Initiate of Makhleb.
             Slain by Bai Suzhen (6 damage)
             ... on level 3 of the Snake Pit.
             The game lasted 01:30:31 (19115 turns).

Alarak the Peltast (Formicid Fighter)              Turns: 19115, Time: 01:30:32

Health: -1/149     AC: 26    Str: 27    XL:     17   Next: 62%
Magic:  17/17      EV: 17    Int:  8    God:    Makhleb [......]
Gold:   3452       SH: 16    Dex: 24    Spells: 16/16 levels left

rFire   + . .        h - +11 Singing Sword {sonic wave}
rCold   + . .        K - +0 kite shield
rNeg    . . .        y - +5 plate armour of Infinity {rC+ Str+2 Int+2}
rPois   +            (helmet unavailable)
rElec   .            p - -1 cloak of the Guilds {rF+ Will+ Str-2}
rCorr   .            F - +0 pair of gloves
SInv    +            j - +0 pair of boots
Will    +++..        g - amulet of regeneration Stlth
                     N - +5 ring of evasion
HPRegen 2.04/turn    X - ring of Ignis, Bespelling {rPois Int+3 Slay+4 Stlth+}
MPRegen 0.15/turn

%: clarity
@: very slow
A: permanent stasis, dig shafts and tunnels, antennae 3, four strong arms,
iridescent scales 1, agile 2, clarity, dopey 1, strong-willed 1, poison
resistance, regeneration 1, robust 1, shaggy fur 1, strong 1, wild magic 1,
evolution 1, inability to read after injury 1
a: Dig, Shaft Self, Renounce Religion


You were on level 3 of the Snake Pit.
You worshipped Makhleb.
Makhleb was noncommittal.
You visited 5 branches of the dungeon, and saw 23 of its levels.
You also visited: Volcano.

You collected 3452 gold pieces.

Inventory:

Hand Weapons
 h - the +11 Singing Sword (weapon) {sonic wave}
   (You found it on level 2 of the Dungeon)
 t - a +4 demon blade of venom
 C - a +3 demon whip of draining
 M - a +1 spectral demon whip
Missiles
 i - 5 atropa-tipped darts
 q - 45 poisoned darts
 B - 2 throwing nets
 H - a curare-tipped dart
Armour
 j - a +0 pair of boots (worn)
 p - the -1 cloak of the Guilds (worn) {rF+ Will+ Str-2}
   (You found it on level 1 of the Orcish Mines)

   Str-2:     It affects your strength (-2).
   rF+:       It protects you from fire.
   Will+:     It increases your willpower.
 y - the +5 plate armour of Infinity (worn) {rC+ Str+2 Int+2}
   (You found it on level 9 of the Dungeon)

   Str+2:     It affects your strength (+2).
   Int+2:     It affects your intelligence (+2).
   rC+:       It protects you from cold.
 F - a +0 pair of gloves (worn)
 G - a +0 cloak
 K - a +0 kite shield (worn)
Jewellery
 g - an amulet of regeneration (around neck)
 k - a ring of magical power
 m - a ring of willpower
 r - a ring of flight
 N - a +5 ring of evasion (left hand)
 T - a ring of willpower
 X - the ring of Ignis, Bespelling (right hand) {rPois Int+3 Slay+4 Stlth+}
   (You acquired it on level 4 of the Lair of Beasts)

   [ring of slaying]

   Int+3:     It affects your intelligence (+3).
   Slay+4:    It affects your accuracy & damage with ranged weapons and melee
   (+4).
   rPois:     It protects you from poison.
   Stlth+:    It makes you more stealthy.
 Z - the ring of Voasu {rF+ Int+5 SInv}
   (Xom gifted it to you in a volcano)

   [ring of protection from fire]

   Int+5:     It affects your intelligence (+5).
   rF+:       It protects you from fire.
   SInv:      It lets you see invisible.
Wands
 s - a wand of polymorph (8)
 u - a wand of charming (11)
 x - a wand of roots (23)
 I - a wand of flame (18)
 J - a wand of mindburst (32)
 U - a wand of digging (4)
 Y - a wand of acid (9)
Scrolls
 b - 5 scrolls of immolation
 c - a scroll of fog {unknown}
 n - 2 scrolls of identify
 w - a scroll of vulnerability
 L - 5 scrolls of enchant armour
 S - a scroll of poison
 V - a scroll of fear
Potions
 a - 2 potions of enlightenment
 d - 4 potions of might
 e - 11 potions of curing
 f - 2 potions of brilliance
 o - 2 potions of haste {unknown}
 v - a potion of resistance
 z - 5 potions of mutation
 A - a potion of attraction
 D - 2 potions of invisibility
 E - 4 potions of lignification
 R - 4 potions of magic
Miscellaneous
 l - a phantom mirror
 O - a sack of spiders


   Skills:
 - Level 13.0 Fighting
 - Level 16.2 Long Blades
 - Level 4.1(8.9) Axes
 - Level 12.2(12.4) Maces & Flails
 + Level 11.0 Armour
 - Level 9.0 Dodging
 - Level 17.0 Shields
 - Level 7.0 Evocations


You had 16 spell levels left.
You didn't know any spells.
Your spell library contained the following spells:

 Spells                   Type           Power      Damage    Failure   Level
 Foxfire                  Conj/Fire      0%         2x1d4     99%         1
 Magic Dart               Conj           0%         1d3       99%         1
 Searing Ray              Conj           0%         2d4       100%        2
 Sublimation of Blood     Necr           0%         N/A       100%        2
 Animate Dead             Necr           0%         N/A       100%        4
 Fulminant Prism          Conj/Alch      0%         3d5       100%        4
 Passage of Golubria      Tloc           0%         N/A       100%        4
 Petrify                  Alch/Erth      0%         N/A       100%        4
 Arcjolt                  Conj/Air       0%         1d10      100%        5
 Borgnjor's Vile Clutch   Necr/Erth      0%         N/A       100%        5
 Irradiate                Conj/Alch      0%         3d11      100%        5
 Silence                  Hex/Air        0%         N/A       100%        5
 Death Channel            Necr           0%         N/A       100%        6
 Plasma Beam              Fire/Air       0%         2x1d10    100%        6
 Starburst                Conj/Fire      0%         6d3       100%        6
 Lehudib's Crystal Spear  Conj/Erth      0%         10d2      100%        8
 Maxwell's Capacitive Co  Air            0%         ∞         100%        8
 Vhi's Electric Charge    Tloc/Air       Unusable   N/A       N/A         4

Dungeon Overview and Level Annotations

Branches:
Dungeon (12/15)            Temple (1/1) D:5            Lair (5/5) D:11
  Swamp (0/4) Lair:2        Snake (3/4) Lair:2        Slime (0/5) Lair:4
    Orc (2/2) D:11            Elf (0/3) Orc:2       Volcano (visited)

Altars:
Ashenzari
Cheibriados
Dithmenos
Elyvilon
Fedhas
Gozag
Hepliaklqana
Kikubaaqudgha
Makhleb
Nemelex Xobeh
Okawaru
Qazlal
Ru
Sif Muna
Trog
Uskayaw
Vehumet
Wu Jian
Xom
Yredelemnul
Zin
The Shining One
Beogh
Jiyva

Shops:
D:4 *   Orc:2 [*?[

Annotations:
Lair:3 exclusion: oklob plant
Lair:5 exclusion: oklob plant
Snake:3 Bai Suzhen


Innate Abilities, Weirdness & Mutations

You cannot be hasted, slowed, berserked, paralysed or teleported.
You can dig through walls and to a lower floor.
You have a pair of large antennae on your head. (SInv)
Your four strong arms can wield two-handed weapons with a shield.
You are partially covered in iridescent scales. (AC +2)
You are very agile. (Dex +8, Str/Int -2)
You possess an exceptional clarity of mind.
You are dopey. (Int -2)
You are strong-willed. (Will+)
Your system is resistant to poisons. (rPois)
Your natural rate of healing is unusually fast.
You are robust. (+10% HP)
You are covered in fur. (AC +1)
Your muscles are strong. (Str +4, Int/Dex -1)
Your spells are a little harder to cast, but a little more powerful.
You have hidden genetic potential.
You occasionally lose the ability to read scrolls when taking damage.


Message History

* * * LOW HITPOINT WARNING * * *
You are knocked back by the torrent of water.
Splash!
The wave splashes down.
You feel better.
Bai Suzhen hisses, "Days like this make me miss drinking."
Bai Suzhen breathes water at you. You block the torrent of water.
The wave splashes down.
Splash!
You fall into the shallow water.
Moving in this stuff is going to be slow.
Your unstable footing causes you to fumble your attack.
You are engulfed in a thunderstorm.
* * * LOW HITPOINT WARNING * * *
You slash Bai Suzhen!
The Singing Sword imitates a saxophone.
You send a blast of sound all around you.
Bai Suzhen is almost dead.
You are engulfed in a thunderstorm.
* * * LOW HITPOINT WARNING * * *
Bai Suzhen bites you.
* * * LOW HITPOINT WARNING * * *
You block Bai Suzhen's attack. x2
You feel better.
You are engulfed in a thunderstorm.
* * * LOW HITPOINT WARNING * * *
A black mamba comes into view.
Bai Suzhen bites you.
* * * LOW HITPOINT WARNING * * *
Bai Suzhen completely misses you. Bai Suzhen closely misses you.
You slice Bai Suzhen!!
Bai Suzhen is almost dead.
You block Bai Suzhen's attack.
Bai Suzhen claws you but does no damage.
Bai Suzhen tramples you but does no damage.
An anaconda comes into view.
Your unstable footing causes you to fumble your attack.
You block Bai Suzhen's attack.
Bai Suzhen claws you but does no damage.
Bai Suzhen tramples you.
You die...

... .}..##.....
$..##.........#
.............#
#.....#......##
...............
#....§#~...#
#....~§§§..#
#.....~§D§S.#
.....#.§§@..##
.... ####~~..##
#... #.....#...#
...###.....#...#
#####
...............#
#...#
#.####.^......#
....##
#.#.....S...#.#
.....#
#.#....#.##.# ..
.....####......#.#
.# .


You could see Bai Suzhen (clouds, catching breath), an anaconda and a black
mamba.

Vanquished Creatures
  Asterion (Snake:2)
  The ghost of Takeo the Marksgoblin, an adept CoHu of Gozag (Snake:2)
  An orc warlord (Orc:2)
  The ghost of Xaucix the Unseen, a journeyman KoBe of Trog (Orc:1)
  An eleionoma (Lair:2)
  Nessos (Lair:4)
  Josephine (D:11)
  A merfolk javelineer (Orc:1)
  A fire dragon (Volcano)
  A great orb of eyes (D:11)
  A hydra (D:12)
  An ogre mage (D:11)
  Erolcha (D:12)
  5 anacondas
  A centaur warrior (Orc:1)
  A boulder beetle (D:12)
  A death knight (D:12)
  4 catoblepae (Lair:5)
  2 dancing weapons
  7 two-headed ogres
  18 death yaks
  A tengu warrior (Orc:1)
  4 orc high priests (Orc:2)
  4 shock serpents
  A deep elf knight (Orc:1)
  The ghost of Domino the Cleaver, a novice MDFi (D:9)
  2 naga warriors
  A fire crab (D:12)
  7 naga sharpshooters
  A salamander mystic (Snake:2)
  Amaemon (D:11)
  An orb spider (Snake:2)
  A deep elf archer (D:12)
  A spectral anaconda (Snake:2)
  5 mana vipers
  4 naga ritualists
  An obsidian statue (Volcano)
  A lindwurm (Volcano)
  A thermic dynamo (D:12)
  6 orc knights
  2 deep elf pyromancers
  An obsidian bat (Orc:2)
  An ugly thing (D:12)
  4 cyclopes
  4 orc sorcerers (Orc:2)
  Maurice (D:9)
  3 manticores
  8 salamanders
  19 elephants
  7 kobold blastminers
  20 black mambas
  8 naga magi
  6 cane toads
  3 gargoyles (D:12)
  An orange demon (D:11)
  Maggie (D:9)
  4 kobold demonologists
  An anaconda simulacrum (Snake:2)
  2 unseen horrors
  4 rime drakes
  A yaktaur (D:12)
  11 komodo dragons
  2 polar bears
  10 trolls
  12 blink frogs
  Sigmund (D:6)
  2 shock serpent simulacra (Snake:2)
  7 wyverns
  4 slime creatures (Lair:4)
  3 spriggans (D:9)
  A shadow (D:12)
  3 vampires
  50 yaks
  7 fire bats (Volcano)
  9 wraiths
  4 wargs
  6 basilisks
  2 steam dragons
  12 vampire mosquitoes
  26 nagas
  3 acid dragons
  A water moccasin (shapeshifter) (D:11)
  3 hell hounds (Volcano)
  13 water moccasins
  2 spectral nagas (Snake:2)
  49 orc warriors
  5 ice beasts
  4 black bears
  A black mamba simulacrum (Snake:2)
  2 sky beasts
  14 ogres
  5 centaurs
  4 wolves (D:11)
  A phantom (D:6)
  5 kobold brigands
  10 bullfrogs
  A gnoll sergeant (D:9)
  2 scorpions
  15 wights
  A killer bee (D:11)
  3 naga simulacra (Snake:2)
  8 howler monkeys
  6 electric eels
  5 lava snakes (Volcano)
  2 jellies (D:6)
  7 hounds
  2 bombardier beetles (D:7)
  2 gnoll boudas
  29 orc priests
  4 iguanas
  2 sleepcaps
  27 orc wizards
  6 hell rats (Lair:5)
  A gnoll (shapeshifter) (D:8)
  8 gnolls
  7 adders
  2 ufetubi (D:5)
  4 dart slugs
  5 ribbon worms
  114 orcs
  5 ball pythons
  7 endoplasms
  2 giant cockroaches
  6 goblins
  3 hobgoblins
  20 kobolds
  2 quokkas
  7 bats
  3 frilled lizards
  A frilled lizard (shapeshifter) (D:11)
  7 rats
817 creatures vanquished.

Vanquished Creatures (collateral kills)
  A naga warrior (Orc:1)
  A shock serpent (Snake:1)
  An obsidian bat (Orc:1)
  A kobold blastminer (Orc:1)
  4 yaks
  An orc warrior (Orc:2)
  A wight (D:9)
  3 orc priests
  An orc (Orc:1)
14 creatures vanquished.

Vanquished Creatures (others)
  An ogre mage (D:12)
  A naga (Snake:2)
  A spectral weapon (D:12)
3 creatures vanquished.

Grand Total: 834 creatures vanquished

Notes
Turn   | Place    | Note
-------+----------+-------------------------------------------
     0 | D:1      | Alarak the Formicid Fighter began the quest for the Orb.
     0 | D:1      | Reached XP level 1. HP: 18/18 MP: 1/1
   115 | D:1      | Reached XP level 2. HP: 21/24 MP: 2/2
   399 | D:1      | Found a faded altar of an unknown god.
   514 | D:1      | Prayed at the altar of an unknown god.
   514 | D:1      | Became a worshipper of Xom of Chaos
   581 | D:1      | Reached XP level 3. HP: 29/29 MP: 3/3
   677 | D:1      | XOM: silly message
  1051 | D:2      | Found the +11 Singing Sword {sonic wave}
  1073 | D:2      | Gained mutation: Your system is resistant to poisons.
                  | (rPois) [potion of mutation]
  1073 | D:2      | Gained mutation: You are weak. (Str -2) [potion of
                  | mutation]
  1073 | D:2      | Gained mutation: You are robust. (+10% HP) [potion of
                  | mutation]
  1074 | D:2      | Lost mutation: You are robust. (+10% HP) [potion of
                  | mutation]
  1074 | D:2      | Lost mutation: You are weak. (Str -2) [potion of mutation]
  1074 | D:2      | Gained mutation: You are partially covered in large bone
                  | plates. (SH +4) [potion of mutation]
  1075 | D:2      | Lost mutation: You are partially covered in large bone
                  | plates. (SH +4) [potion of mutation]
  1075 | D:2      | Lost mutation: Your system is resistant to poisons. (rPois)
                  | [potion of mutation]
  1075 | D:2      | Gained mutation: You are agile. (Dex +4, Str/Int -1)
                  | [potion of mutation]
  1075 | D:2      | Gained mutation: You are dopey. (Int -2) [potion of
                  | mutation]
  1075 | D:2      | Gained mutation: Your spells are a little easier to cast,
                  | but a little less powerful. [potion of mutation]
  1075 | D:2      | Gained mutation: You are partially covered in iridescent
                  | scales. (AC +2) [potion of mutation]
  1138 | D:2      | Reached XP level 4. HP: 29/35 MP: 4/4
  1218 | D:2      | XOM: give mutation
  1218 | D:2      | Gained mutation: Your flesh is heat resistant. (rF+) [Xom's
                  | mischief]
  1527 | D:2      | Reached skill level 1 in Long Blades
  1568 | D:2      | XOM: give mutations
  1568 | D:2      | Gained mutation: You are very agile. (Dex +8, Str/Int -2)
                  | [Xom's grace]
  1568 | D:2      | Gained mutation: You are strong-willed. (Will+) [Xom's
                  | grace]
  1568 | D:2      | Gained mutation: Your flesh is cold resistant. (rC+) [Xom's
                  | grace]
  1598 | D:3      | XOM: noise
  1620 | D:3      | Reached XP level 5. HP: 33/41 MP: 5/5
  1821 | D:3      | Found a glowing golden altar of the Shining One.
  1822 | D:3      | Found a sacrificial altar of Ru.
  1969 | D:3      | Identified the maw talisman of Spite {Will+ Str+4 Dex-4}
  2517 | D:4      | Found Xavitt's Assorted Antiques.
  2829 | D:4      | XOM: confuse monster(s)
  2838 | D:4      | Reached XP level 6. HP: 36/47 MP: 6/6
  2914 | D:4      | XOM: god gift: runed scale mail {god gift}
  2950 | D:4      | Found a glowing silver altar of Zin.
  3141 | D:5      | Entered Level 5 of the Dungeon
  3173 | D:5      | Identified the +4 robe of Vaemoru {Harm Fly Str+6 Slay-2}
  3186 | D:5      | XOM: summons friendly crimson imp
  3192 | D:5      | Reached skill level 5 in Long Blades
  3194 | D:5      | Reached XP level 7. HP: 47/52 MP: 7/7
  3219 | D:5      | XOM: cloud trail
  3247 | D:5      | Found a blossoming altar of Fedhas.
  3251 | D:5      | Found a shimmering blue altar of Sif Muna.
  3254 | D:5      | Found a stormy altar of Qazlal.
  3257 | D:5      | Found a broken altar of Ashenzari.
  3388 | D:5      | Found an ornate altar of the Wu Jian Council.
  3564 | D:5      | XOM: divination: detect creatures
  3637 | D:5      | Found a staircase to the Ecumenical Temple.
  3725 | D:6      | Reached XP level 8. HP: 58/58 MP: 8/8
  3735 | D:6      | Noticed Sigmund
  3747 | D:6      | Killed Sigmund
  3840 | D:6      | XOM: god gift: scroll labelled IKHISAEGEE {god gift}
  3927 | D:6      | Killed a +0 short sword
  4011 | D:6      | Reached XP level 9. HP: 64/64 MP: 9/9
  4215 | D:6      | Reached skill level 10 in Long Blades
  4826 | D:7      | Identified the staff of Summertime {rPois rC+ Int+4 Dex-3
                  | Summ Ice} (Xom gifted it to you on level 7 of the Dungeon)
  4826 | D:7      | XOM: god gift: staff of Summertime {rPois rC+ Int+4 Dex-3
                  | Summ Ice}
  4991 | D:7      | XOM is BORED!
  4991 | D:7      | XOM: draining
  5089 | D:7      | XOM: silly message
  5178 | D:8      | Reached XP level 10. HP: 63/65 MP: 10/10
  5201 | D:8      | XOM: polymorph howler monkey -> shapeshifter
  5538 | D:8      | XOM: give mutations
  5538 | D:8      | Gained mutation: Your flesh is very heat resistant. (rF++)
                  | [Xom's grace]
  5538 | D:8      | Gained mutation: Your flesh is almost immune to the effects
                  | of heat. (rF+++) [Xom's grace]
  5538 | D:8      | Gained mutation: You are robust. (+10% HP) [Xom's grace]
  5538 | D:8      | Lost mutation: Your spells are a little easier to cast, but
                  | a little less powerful. [Xom's grace]
  5699 | D:9      | Noticed Maggie
  5715 | D:9      | Killed Maggie
  5780 | D:9      | Identified the +5 plate armour of Infinity {rC+ Str+2
                  | Int+2}
  5786 | D:9      | XOM: cloud trail
  5798 | D:9      | XOM: scenery: 1 doors open
  5843 | D:9      | XOM: give mutation
  5843 | D:9      | Gained mutation: Your movements are slightly less
                  | encumbered by armour. (ER -2) [Xom's grace]
  6006 | D:9      | Noticed Maurice
  6012 | D:9      | Maurice stole an amulet of the acrobat
  6013 | D:9      | Killed Maurice
  6113 | D:9      | XOM: summons 6 hostile demons
  6163 | D:9      | XOM: give mutations
  6163 | D:9      | Gained mutation: You are mostly covered in iridescent
                  | scales. (AC +4) [Xom's grace]
  6163 | D:9      | Gained mutation: You have large cloven feet. [Xom's grace]
  6300 | D:9      | XOM: god gift: 4 stones
  6340 | D:9      | Found a runed translucent door.
  6344 | D:9      | Identified the +7 spear of Simiun {elec, rC- rN++ Str+4}
  6344 | D:9      | Noticed Domino's ghost (novice MDFi)
  6472 | D:9      | Noticed a two-headed ogre
  6477 | D:9      | Killed a two-headed ogre
  6624 | D:9      | Killed Domino's ghost
  6625 | D:9      | Reached skill level 15 in Long Blades
  6625 | D:9      | Reached XP level 11. HP: 77/82 MP: 11/11
  6634 | D:9      | XOM: scenery: create altars
  6708 | D:9      | XOM: cloud trail
  6760 | D:9      | XOM: divination: magic mapping
  6833 | D:10     | Entered Level 10 of the Dungeon
  6957 | D:10     | Found a bloodstained altar of Trog.
  7029 | D:10     | XOM: cloud trail
  7033 | D:10     | Found an iron altar of Okawaru.
  7071 | D:10     | Found a hide-covered altar of Uskayaw.
  7173 | D:10     | Noticed a two-headed ogre
  7179 | D:10     | Killed a two-headed ogre
  7318 | D:10     | XOM: summons 1 hostile shadow creature
  7324 | D:10     | XOM: give mutations
  7324 | D:10     | Lost mutation: Your movements are slightly less encumbered
                  | by armour. (ER -2) [Xom's mischief]
  7324 | D:10     | Lost mutation: Your flesh is cold resistant. (rC+) [Xom's
                  | mischief]
  7324 | D:10     | Lost mutation: You are mostly covered in iridescent scales.
                  | (AC +4) [Xom's mischief]
  7391 | D:10     | XOM: enchant monster (good)
  7411 | D:10     | XOM: silly message
  7431 | D:10     | Reached skill level 1 in Dodging
  7515 | D:11     | Noticed a soul eater
  7517 | D:11     | XOM: potion effect (attraction)
  7575 | D:11     | Noticed a cyclops
  7579 | D:11     | Killed a cyclops
  7612 | D:11     | XOM: scenery: 1 doors open
  7622 | D:11     | XOM: polymorph hound -> shapeshifter
  7670 | D:11     | Found a staircase to the Lair.
  7754 | D:11     | Found a runed translucent door.
  7758 | D:11     | Reached skill level 5 in Armour
  7770 | D:11     | Noticed an ogre mage
  7784 | D:11     | Killed an ogre mage
  7785 | D:11     | Reached XP level 12. HP: 77/89 MP: 12/12
  7787 | D:11     | Reached skill level 5 in Shields
  7801 | D:11     | Reached skill level 6 in Shields
  7809 | D:11     | Noticed an eight-headed hydra
  7822 | D:11     | a 12-headed hydra changed into a great orb of eyes
  7822 | D:11     | Noticed a great orb of eyes
  7830 | D:11     | Killed a great orb of eyes
  7831 | D:11     | Reached skill level 7 in Shields
  8016 | D:11     | Noticed Josephine
  8017 | D:11     | Noticed a two-headed ogre
  8022 | D:11     | Reached skill level 8 in Shields
  8024 | D:11     | Killed Josephine
  8025 | D:11     | Reached skill level 9 in Shields
  8031 | D:11     | Killed a +0 dagger
  8033 | D:11     | Killed a two-headed ogre
  8038 | D:11     | Reached skill level 10 in Shields
  8057 | D:11     | Found a staircase to the Orcish Mines.
  8145 | D:11     | Noticed Amaemon
  8152 | D:11     | Killed Amaemon
  8153 | D:11     | Reached skill level 11 in Shields
  8250 | D:11     | XOM: cast spell 'Death Channel'
  8328 | D:12     | Noticed Erolcha
  8338 | D:12     | Killed Erolcha
  8339 | D:12     | Reached skill level 12 in Shields
  8375 | D:12     | Noticed a two-headed ogre
  8376 | D:12     | Noticed a boulder beetle
  8382 | D:12     | Noticed a six-headed hydra
  8383 | D:12     | Killed a two-headed ogre
  8384 | D:12     | Reached skill level 5 in Fighting
  8384 | D:12     | Reached XP level 13. HP: 76/100 MP: 13/13
  8385 | D:12     | Reached skill level 1 in Maces & Flails
  8400 | D:12     | Killed a six-headed hydra
  8464 | D:12     | XOM: cast spell 'Discord'
  8478 | D:12     | Reached skill level 5 in Maces & Flails
  8489 | D:12     | XOM: confuse monster(s)
  8515 | D:12     | XOM: polymorph cyclops -> troll
  8572 | D:12     | XOM: snakes to sticks
  8573 | D:12     | XOM: potion effect (might)
  8614 | D:12     | XOM: give mutation
  8614 | D:12     | Gained mutation: You are very robust. (+20% HP) [Xom's
                  | grace]
  8636 | D:12     | Noticed an ogre mage
  8639 | D:12     | Killed an ogre mage
  8683 | D:12     | XOM: destruction
  8798 | D:12     | XOM: silly message
  9085 | D:12     | XOM: give mutations
  9085 | D:12     | Lost mutation: You are very robust. (+20% HP) [Xom's
                  | mischief]
  9085 | D:12     | Lost mutation: You are robust. (+10% HP) [Xom's mischief]
  9085 | D:12     | Gained mutation: You possess an exceptional clarity of
                  | mind. [Xom's mischief]
  9085 | D:12     | Lost mutation: You are very agile. (Dex +8, Str/Int -2)
                  | [Xom's mischief]
  9128 | Lair:1   | Entered Level 1 of the Lair of Beasts
  9180 | Lair:1   | XOM: silly message
  9186 | Lair:1   | Reached skill level 10 in Maces & Flails
  9277 | Lair:1   | XOM: give mutation
  9277 | Lair:1   | Lost mutation: Your flesh is almost immune to the effects
                  | of heat. (rF+++) [Xom's mischief]
  9438 | Lair:1   | XOM: give mutation
  9438 | Lair:1   | Lost mutation: Your flesh is very heat resistant. (rF++)
                  | [Xom's mischief]
  9465 | Lair:1   | XOM: scenery: summon butterflies
  9496 | Lair:1   | Reached XP level 14. HP: 92/98 MP: 14/14
  9826 | Lair:2   | Found a staircase to the Swamp.
  9826 | Lair:2   | Noticed an eleionoma
  9828 | Lair:2   | XOM: summons friendly shadow imp
  9835 | Lair:2   | Killed an eleionoma
  9944 | Lair:2   | XOM: destruction
 10067 | Lair:2   | XOM: summons 4 hostile shadow creatures
 10132 | Lair:2   | XOM: divination: detect items
 10134 | Lair:2   | XOM: cast spell 'Summon Horrible Things'
 10180 | Lair:2   | XOM: confuse monster(s)
 10253 | Lair:2   | XOM: confuse monster(s)
 10371 | Lair:2   | Found a staircase to the Snake Pit.
 10374 | Lair:2   | XOM: god gift: 17 gold pieces
 10448 | Lair:2   | Identified the +0 scale mail of the Dwarven Hall {Int+5}
 10660 | Lair:2   | XOM: give mutations
 10660 | Lair:2   | Gained mutation: You are covered in fur. (AC +1) [Xom's
                  | grace]
 10660 | Lair:2   | Gained mutation: You are robust. (+10% HP) [Xom's grace]
 10660 | Lair:2   | Gained mutation: You are very robust. (+20% HP) [Xom's
                  | grace]
 10926 | Lair:2   | Identified a scroll of acquirement
 11660 | Lair:4   | XOM: cleaving
 11681 | Lair:4   | Noticed Nessos
 11694 | Lair:4   | Killed Nessos
 11716 | Lair:4   | Reached skill level 10 in Fighting
 11733 | Lair:4   | Found a dark tunnel.
 11742 | Volcano  | Entered a volcano
 11796 | Volcano  | XOM: cloud trail
 11830 | Volcano  | Identified the ring of Voasu {rF+ Int+5 SInv} (Xom gifted
                  | it to you in a volcano)
 11830 | Volcano  | XOM: god gift: ring of Voasu {rF+ Int+5 SInv}
 11848 | Volcano  | XOM: give mutation
 11848 | Volcano  | Lost mutation: You have large cloven feet. [Xom's mischief]
 11884 | Volcano  | Found a bloodstained altar of Trog.
 11926 | Volcano  | Reached XP level 15. HP: 140/140 MP: 15/15
 11947 | Volcano  | Found a bloodstained altar of Trog.
 12086 | Lair:4   | Found a staircase to the Slime Pits.
 12086 | Lair:4   | Found a viscous altar of Jiyva.
 12163 | Lair:4   | XOM: summons 8 hostile demons
 12237 | Lair:4   | XOM: swap monsters
 12242 | Lair:4   | XOM: enchant monster (good)
 12243 | Lair:4   | XOM: scenery: summon butterflies
 12277 | Lair:4   | XOM: divination: magic mapping
 12811 | Lair:4   | XOM: give mutations
 12811 | Lair:4   | Gained mutation: Your system is resistant to poisons.
                  | (rPois) [Xom's mischief]
 12811 | Lair:4   | Gained mutation: You occasionally lose the ability to read
                  | scrolls when taking damage. [Xom's mischief]
 12854 | Lair:4   | Acquired the ring of Ignis, Bespelling {rPois Int+3 Slay+4
                  | Stlth+}
 12885 | Lair:5   | Entered Level 5 of the Lair of Beasts
 12910 | Lair:5   | Reached skill level 1 in Evocations
 12917 | Lair:5   | Reached skill level 5 in Evocations
 13021 | Lair:5   | XOM: summons friendly shadow imp
 13032 | Lair:5   | XOM: cast spell 'Disjunction'
 13043 | Lair:5   | XOM: confuse monster(s)
 13320 | Lair:5   | XOM: divination: detect creatures
 13419 | Lair:5   | XOM: divination: detect items
 13507 | Lair:5   | XOM: swap monsters
 13511 | Lair:5   | XOM: chaos cloud
 13705 | Lair:5   | Found a blossoming altar of Fedhas.
 14001 | Lair:5   | XOM: stat loss: -1 Int (8/10)
 14110 | Orc:1    | Entered Level 1 of the Orcish Mines
 14143 | Orc:1    | Reached XP level 16. HP: 138/156 MP: 16/16
 14200 | Orc:1    | XOM: silly message
 14236 | Orc:2    | Entered Level 2 of the Orcish Mines
 14440 | Orc:2    | XOM: god gift: throwing net
 14535 | Orc:2    | Reached skill level 10 in Armour
 14542 | Orc:2    | Found a roughly hewn altar of Beogh.
 14548 | Orc:2    | Found Edis's Antique Armour Emporium.
 14741 | Orc:2    | Found a staircase to the Elven Halls.
 14921 | Orc:2    | XOM: scenery: 1 doors open
 14929 | Orc:2    | XOM: polymorph orc priest -> kobold
 14937 | Orc:2    | XOM: divination: magic mapping
 14949 | Orc:2    | XOM: divination: magic mapping
 14989 | Orc:2    | Found a roughly hewn altar of Beogh.
 14993 | Orc:2    | XOM: enchant monster (bad)
 14994 | Orc:2    | XOM: noise
 15039 | Orc:2    | Found Hiaser's Magic Scroll Shop.
 15108 | Orc:2    | Found Qanaw's Armour Shoppe.
 15153 | Orc:2    | Reached skill level 5 in Dodging
 15560 | Orc:2    | XOM: smoke on damage
 15579 | Orc:2    | XOM: noise
 15581 | Orc:2    | XOM: blink monster(s)
 15585 | Orc:2    | XOM: divination: detect creatures
 15594 | Orc:2    | XOM: confuse monster(s)
 15662 | Orc:2    | Found Ubok's Assorted Antiques.
 15854 | Orc:2    | XOM: give mutations
 15854 | Orc:2    | Gained mutation: You are very agile. (Dex +8, Str/Int -2)
                  | [Xom's grace]
 15854 | Orc:2    | Gained mutation: Your natural rate of healing is unusually
                  | fast. [Xom's grace]
 15854 | Orc:2    | Gained mutation: You have hidden genetic potential. [Xom's
                  | grace]
 15854 | Orc:2    | Lost mutation: You are dopey. (Int -2) [Xom's grace]
 15892 | Orc:2    | XOM: give mutations
 15892 | Orc:2    | Lost mutation: Your flesh is heat resistant. (rF+) [Xom's
                  | mischief]
 15892 | Orc:2    | Lost mutation: You are very robust. (+20% HP) [Xom's
                  | mischief]
 15892 | Orc:2    | Gained mutation: Your spells are a little harder to cast,
                  | but a little more powerful. [Xom's mischief]
 15892 | Orc:2    | Gained mutation: You are dopey. (Int -2) [Xom's mischief]
 15908 | Orc:1    | Found a runed translucent gate.
 15908 | Orc:1    | Found a runed translucent gate.
 15908 | Orc:1    | Found a runed translucent gate.
 15910 | Orc:1    | Found a roughly hewn altar of Beogh.
 15912 | Orc:1    | Noticed Xaucix's ghost (journeyman KoBe)
 15917 | Orc:1    | Found an iron altar of Okawaru.
 15925 | Orc:1    | HP: 7/143 [merfolk javelineer/silver javelin (2)]
 15928 | Orc:1    | XOM: scenery: summon butterflies
 15935 | Orc:1    | XOM: scenery: summon butterflies
 15936 | Orc:1    | XOM: cast spell 'Death Channel'
 15941 | Orc:1    | Killed Xaucix's ghost
 16117 | Orc:1    | Identified the -1 cloak of the Guilds {rF+ Will+ Str-2}
 16406 | Snake:1  | Entered Level 1 of the Snake Pit
 16480 | Snake:1  | XOM: chaos cloud
 16578 | Snake:1  | XOM: blink monster(s)
 16613 | Snake:1  | XOM: chaos upgrade
 16744 | Snake:1  | XOM: fog
 17148 | Snake:2  | Reached XP level 17. HP: 142/149 MP: 17/17
 17150 | Snake:2  | XOM: silly message
 17155 | Snake:2  | Reached skill level 13 in Shields
 17159 | Snake:2  | XOM: blink monster(s)
 17417 | Snake:2  | Noticed Asterion
 17422 | Snake:2  | XOM: summons 7 hostile demons
 17423 | Snake:2  | Noticed an Executioner
 17431 | Snake:2  | Killed Asterion
 17436 | Snake:2  | a rust devil changed into an Executioner
 17436 | Snake:2  | Noticed an Executioner
 17436 | Snake:2  | XOM: polymorph rust devil -> Executioner
 17470 | Snake:2  | XOM: stat loss: -1 Int (8/9)
 17514 | Snake:2  | XOM: polymorph naga sharpshooter -> two-headed ogre
 17517 | Snake:2  | Reached skill level 14 in Shields
 17592 | Snake:2  | XOM: confuse monster(s)
 17597 | Snake:2  | XOM: polymorph naga sharpshooter -> orb spider
 17691 | Snake:2  | Reached skill level 15 in Shields
 17704 | Snake:2  | XOM: scenery: 1 doors open, 1 doors close
 17889 | Snake:2  | XOM: scenery: summon butterflies
 18149 | Temple   | Entered the Ecumenical Temple
 18158 | Temple   | Fell from the grace of Xom
 18158 | Temple   | Became a worshipper of Makhleb the Destroyer
 18542 | Snake:2  | Found a runed translucent gate.
 18564 | Snake:2  | Found a runed translucent gate.
 18564 | Snake:2  | Found a runed translucent gate.
 18564 | Snake:2  | Noticed Takeo's ghost (adept CoHu)
 18871 | Snake:2  | Killed Takeo's ghost
 18872 | Snake:2  | Reached skill level 16 in Shields
 18875 | Snake:2  | Gained mutation: Your muscles are strong. (Str +4, Int/Dex
                  | -1) [hidden potential]
 18937 | Snake:3  | Found a broken altar of Ashenzari.
 18944 | Snake:3  | Noticed Bai Suzhen
 19064 | Snake:3  | Reached skill level 17 in Shields
 19113 | Snake:3  | HP: 2/149 [Bai Suzhen] (12)]
 19115 | Snake:3  | Slain by Bai Suzhen

Illustrated notes

Levels and vault maps discovered:
D:1:      dpeg_arrival_court, layout_basic,
          hellmonk_ecumenical_altar_inner_sanctum, grunt_decor_one_mirror
D:2:      layout_rooms
D:3:      layout_loops_ring, gammafunk_temple_overflow_pools
D:4:      layout_basic, zin_treasury, serial_shops, shop_statue
D:5:      layout_basic, kennysheep_little_box, grunt_temple_overflow_cloverleaf,
          temple_green
D:6:      layout_loops_ring, serial_rivers, chequers_serial_rivers_small_b,
          chequers_serial_rivers_marsh, chequers_serial_rivers_room_a,
          chequers_serial_rivers_small_3, chequers_serial_rivers_room_b,
          chequers_serial_rivers_large_a, feat_on_display, uniq_blork_the_orc,
          uniq_sigmund
D:7:      layout_loops_ring
D:8:      layout_rooms, serial_library_hellmonk_open_cross
D:9:      layout_loops_corners, ebering_ghost_funeral_grove, uniq_maurice,
          uniq_maggie
D:10:     layout_roguey, mainiacjoe_overflow_cross_hatched,
          mainiacjoe_overflow_chevrons, okawaru_gym_becter,
          kennysheep_generic_room_12
D:11:     layout_roguey, erik_lair_island, minmay_orc_entry_guard_dogs,
          lightli_airlock, uniq_josephine, uniq_amaemon
D:12:     minmay_the_grid_square_5x5_4x4 [minmay_the_grid_square_5x5_shuriken,
          minmay_the_grid_square_5x5_corner, minmay_the_grid_square_5x5_z,
          minmay_the_grid_square_5x5_pentomino_r,
          minmay_the_grid_square_5x5_broken_cross,
          minmay_the_grid_square_5x5_prize_monsterx,
          minmay_the_grid_square_5x5_prize_gold,
          minmay_the_grid_square_5x5_three_walls,
          minmay_the_grid_square_5x5_six_small,
          minmay_the_grid_square_5x5_prize_itemx,
          minmay_the_grid_square_5x5_prize_rear_guard,
          minmay_the_grid_square_5x5_beaten_path,
          minmay_the_grid_square_5x5_empty, minmay_the_grid_square_5x5_percent,
          minmay_the_grid_square_5x5_intrusive_squares,
          minmay_the_grid_square_5x5_n], layout_rooms, uniq_erolcha
Temple:   nicolae_temple_ecumenical_triangle
Lair:1:   layout_roguey, grunt_megastairs_5
Lair:2:   layout_small_grid, alex1729_swamp_entry_worm_eleionoma,
          nicolae_snake_entry_squirm
Lair:3:   layout_chaotic_city, dreamdust_gnoll_shepherd
Lair:4:   layout_small_grid, minmay_slime_entry_pillars, enter_volcano_1,
          lookout_lair_type, serial_bayou_lagoon_a, lemuel_fruit_tree,
          grunt_megastairs_2, uniq_nessos
Lair:5:   evilmike_catoblepas_cave, layout_gridlike,
          chequers_serial_rivers_micro_a, tgw_fedhas
Snake:1:  layout_grid_shapes, grunt_megastairs_1
Snake:2:  layout_basic, gammafunk_ghost_necromancy, uniq_asterion
Snake:3:  layout_misc_corridors, basic_altar, serial_bayou_shore_b,
          uniq_bai_suzhen
Orc:1:    layout_diamond_mine, gammafunk_ghost_fury_of_okawaru, basic_altar
Orc:2:    pubby_orc_utopia

Skill      XL: |  1  2  3  4  5  6  7  8  9 10 11 12 13 14 15 16 17 |
---------------+----------------------------------------------------+-----
Axes           | 3 4 |  4.1
Long Blades    | 2 3 5 7 9 12 15 16 | 16.2
Dodging        | 4 9 |  9.0
Armour         | 6 8 11 | 11.0
Shields        | 12 17 | 17.0
Fighting       | 5 10 13 | 13.0
Maces & Flails | 10 12 | 12.2
Evocations     | 7 |  7.0

Action                     |  1- 3 |  4- 6 |  7- 9 | 10-12 | 13-15 | 16-18 || total
---------------------------+-------+-------+-------+-------+-------+-------++-------
  Melee: War axe           |   102 |     9 |       |       |       |       ||   111
         Double sword      |       |    44 |   140 |   267 |   580 |   580 ||  1611
         Demon whip        |       |       |       |       |     3 |       ||     3
Ability: Dig               |       |     1 |       |       |       |       ||     1
  Evoke: Wand              |       |       |       |     1 |     1 |       ||     2
         Sack of spiders   |       |       |       |       |       |     1 ||     1
    Use: Potion            |     3 |       |     2 |       |     4 |     9 ||    18
         Scroll            |     2 |     2 |     8 |     7 |     6 |     1 ||    26
   Stab: Confused          |       |     1 |       |       |     3 |     1 ||     5
         Distracted        |       |       |       |     1 |       |       ||     1
         Petrified         |       |       |       |       |    10 |       ||    10
         Petrifying        |       |       |       |       |     1 |       ||     1
 Armour: Scale mail        |    73 |    19 |    66 |    40 |       |       ||   198
         Chain mail        |       |    17 |    16 |       |       |       ||    33
         Plate armour      |       |       |       |   202 |   333 |   432 ||   967
  Dodge: Dodged            |    43 |    19 |    40 |    64 |   229 |   273 ||   668
  Block: Buckler           |    29 |    11 |    47 |    78 |   174 |   163 ||   502
         Kite shield       |       |       |       |       |       |   133 ||   133

Table legend: (Time is in decaauts)
 A = Elapsed time spent in this place.
 B = Non-inter-level travel time spent in this place.
 C = Inter-level travel time spent in this place.
 D = Time resting spent in this place.
 E = Time spent auto-exploring this place.
 F = Levels seen in this place.
 G = Mean time per level.
                   A        B        C        D        E       F      G
               +--------+--------+--------+--------+--------+-----+--------+
         Total |  18845 |  16969 |   1876 |    390 |  13161 |  24 |  785.2 |
       Dungeon |   9432 |   8363 |   1069 |    177 |   6546 |  12 |  786.0 |
        Temple |     18 |      1 |     17 |      0 |      0 |   1 |   18.0 |
          Lair |   4751 |   4387 |    364 |     14 |   3691 |   5 |  950.2 |
     Snake Pit |   2269 |   2005 |    264 |    173 |   1365 |   3 |  756.3 |
  Orcish Mines |   2115 |   1956 |    159 |      8 |   1426 |   2 | 1057.5 |
       Volcano |    257 |    257 |      0 |     18 |    133 |   1 |  257.0 |
               +--------+--------+--------+--------+--------+-----+--------+

Top non-repeatable levels by time:
   Orc:2: 1613 daAuts
 Snake:2: 1518 daAuts
     D:9: 1269 daAuts
  Lair:2: 1176 daAuts
  Lair:5: 1106 daAuts
     D:1: 1080 daAuts
    D:11: 1033 daAuts
  Lair:4: 954 daAuts
     D:4: 840 daAuts
  Lair:1: 796 daAuts
     D:6: 748 daAuts
  Lair:3: 718 daAuts
     D:3: 714 daAuts
    D:10: 694 daAuts
    D:12: 687 daAuts
